 Dungeon Crawl Stone Soup version 0.27-a0-887-gcab673c142 (webtiles) character file.

Game seed: 17508140797464986547

7235 Hot the Tainter (level 11, 0/64 HPs)
             Began as an Octopode Venom Mage on Apr 4, 2021.
             Was a Priest of Dithmenos.
             Slain by a two-headed ogre
             ... wielding a +0 giant club
              (13 damage)
             ... on level 11 of the Dungeon.
             The game lasted 01:38:48 (15027 turns).

Hot the Tainter (Octopode Venom Mage)              Turns: 15027, Time: 01:38:49

Health: 0/64       AC:  1    Str:  8    XL:     11   Next: 12%
Magic:  12/23      EV: 14    Int: 20    God:    Dithmenos [***...]
Gold:   317        SH:  0    Dex: 13    Spells: 3/26 levels left

rFire    + . .     SeeInvis .   a - +1 spear (vorpal)
rCold    . . .     Faith    .   (no shield)
rNeg     . . .     Spirit   .   (helmet restricted)
rPois    .         Reflect  .   f - amulet of the acrobat
rElec    .         Harm     .   r - ring of protection from fire
rCorr    +         Rampage  .   d - ring of resist corrosion
Will     .....                  l - +4 ring of slaying
Stlth    ++++++....             (no ring)
HPRegen  0.20/turn              (no ring)
MPRegen  0.18/turn              (no ring)
                                (no ring)
                                (no ring)

@: wreathed by umbra
A: almost no armour, amphibious, 8 rings, camouflage 1, gelatinous body 1,
(nimble swimmer 1), tentacles
a: Renounce Religion, Shadow Step


You were on level 11 of the Dungeon.
You worshipped Dithmenos.
Dithmenos was most pleased with you.
You visited 2 branches of the dungeon, and saw 12 of its levels.
You also visited: Sewer.

You collected 582 gold pieces.
You spent 265 gold pieces at shops.

Inventory:

Hand Weapons
 a - a +1 vorpal spear (weapon)
 b - a +1 shortbow of flaming
Missiles
 y - 170 arrows
 z - a throwing net
Jewellery
 d - a ring of resist corrosion (right tentacle)
 f - an amulet of the acrobat (around mantle)
 l - a +4 ring of slaying (on tentacle)
 o - an amulet of faith
 r - a ring of protection from fire (left tentacle)
Wands
 i - a wand of charming (4)
 m - a wand of polymorph (9)
 q - a wand of iceblast (10)
 x - a wand of acid (22)
Scrolls
 c - 4 scrolls of teleportation
 g - 2 scrolls of magic mapping
 n - a scroll of fear
 p - a scroll of fog
 u - 2 scrolls of identify
 v - 2 scrolls of blinking
 A - a scroll of noise
 B - a scroll of vulnerability
 E - a scroll of enchant armour
Potions
 e - a potion of cancellation {unknown}
 h - 4 potions of might
 j - 2 potions of haste
 k - a potion of flight
 s - a potion of berserk rage
 t - a potion of mutation
 w - a potion of attraction
 C - 2 potions of heal wounds
 D - a potion of curing
 F - a potion of invisibility {unknown}


   Skills:
 + Level 2.3 Fighting
 + Level 0.8(3.0) Axes
 + Level 4.7 Polearms
 + Level 2.0 Bows
 + Level 4.6 Dodging
 + Level 6.3 Stealth
 + Level 1.6 Unarmed Combat
 + Level 8.3 Spellcasting
 + Level 2.0 Conjurations
 + Level 2.0 Hexes
 + Level 5.5 Transmutations
 + Level 4.1 Fire Magic
 + Level 1.9 Air Magic
 + Level 10.1 Poison Magic
 + Level 0.5 Evocations


You had 3 spell levels left.
You knew the following spells:

 Your Spells              Type           Power      Damage    Failure   Level
a - Sting                 Tmut/Pois      100%       1d8       1%          1
b - Shock                 Conj/Air       64%        1d7       3%          1
c - Fireball              Conj/Fire      10%        3d6       54%         5
d - Olgreb's Toxic Radia  Pois           48%        N/A       1%          4
e - Ignite Poison         Fire/Tmut/Pois 34%        N/A       1%          3
f - Freezing Cloud        Conj/Ice/Air   6%         6-21      100%        6
g - Inner Flame           Hex/Fire       20%        N/A       7%          3

Your spell library contained the following spells:

 Spells                   Type           Power      Damage    Failure   Level
 Poisonous Vapours        Pois/Air       64%        N/A       1%          2
 Foxfire                  Conj/Fire      80%        2x1d8     2%          1
 Mephitic Cloud           Conj/Pois/Air  27%        N/A       3%          3
 Conjure Flame            Conj/Fire      20%        6-21      7%          3
 Animate Skeleton         Necr           16%        N/A       9%          1
 Pain                     Necr           32%        1d5       9%          1
 Confusing Touch          Hex            16%        N/A       11%         3
 Dazzling Flash           Conj/Hex       32%        N/A       11%         3
 Summon Guardian Golem    Hex/Summ       12%        N/A       16%         3
 Gell's Gravitas          Tloc           4%         N/A       24%         3
 Vampiric Draining        Necr           4%         2d6       24%         3
 Sticky Flame             Conj/Fire      20%        2d4       24%         4
 Petrify                  Tmut/Erth      19%        N/A       26%         4
 Yara's Violent Unravell  Hex/Tmut       11%        3d6       43%         5
 Animate Dead             Necr           4%         N/A       63%         4
 Metabolic Englaciation   Hex/Ice        6%         N/A       83%         5
 Agony                    Necr           8%         N/A       92%         5
 Malign Gateway           Summ/Tloc      4%         N/A       100%        7


Dungeon Overview and Level Annotations

Branches:
Dungeon (10/15)            Temple (1/1) D:4            Lair (0/6) D:9
    Orc (0/2) D:9           Sewer (visited)

Altars:
Ashenzari
Cheibriados
Dithmenos
Elyvilon
Gozag
Hepliaklqana
Kikubaaqudgha
Makhleb
Nemelex Xobeh
Okawaru
Qazlal
Ru
Sif Muna
Trog
Uskayaw
Vehumet
Wu Jian
Xom
Yredelemnul
Zin
The Shining One
Beogh

Shops:
D:5 *   D:6 (=??(


Innate Abilities, Weirdness & Mutations

You cannot wear most types of armour.
You are amphibious.
You can wear up to eight rings at the same time.
Your skin changes colour to match your surroundings (Stealth+).
Your rubbery body absorbs attacks. (AC +1, EV +1)
((You are camouflaged near water. (Stealth+)))
You have tentacles for arms and can constrict up to eight enemies at once.


Message History

The howler monkey is poisoned.
Your toxic aura wanes.
The vampire mosquito bites you!
The vampire mosquito draws strength from your injuries!
The vampire mosquito closely misses you.
The vampire mosquito bites you.
The vampire mosquito draws strength from your injuries!
The vampire mosquito closely misses you.
A howler monkey comes into view.
The vampire mosquito completely misses you.
The vampire mosquito misses you.
The vampire mosquito closely misses you.
Your surroundings suddenly seem different.
Found 29 gold pieces.
Found a cyan potion.
Found 2 scrolls of noise.
F - a cyan potion A two-headed ogre comes into view.
It is wielding two +0 giant clubs.
Dithmenos accepts your kill.
You feel a bit more experienced.
Casting: Ignite Poison (safe; 1% risk of failure)
Confirm with . or Enter, or press ? or * to list all spells.
You begin to radiate toxic energy.
The two-headed ogre is poisoned.
Your toxic aura wanes.
Casting: Olgreb's Toxic Radiance (dangerous; 1% risk of failure)
Confirm with . or Enter, or press ? or * to list all spells.
Aiming: Sting (safe; 1% risk of failure)
Press: ? - help, Shift-Dir - straight line, f - two-headed ogre
Aim: a two-headed ogre, wielding two +0 giant clubs (lightly wounded, poisoned, umbra, 11% to evade)
The sting hits the two-headed ogre.
The two-headed ogre looks even sicker.
The two-headed ogre is moderately wounded.
Casting: Sting (safe; 1% risk of failure)
Confirm with . or Enter, or press ? or * to list all spells.
You ignite the poison in your surroundings!
The two-headed ogre seems to burn from within!!!
The two-headed ogre is almost dead.
The two-headed ogre hits you with a +0 giant club!!
* * * LOW HITPOINT WARNING * * *
The two-headed ogre hits you with a +0 giant club!
You die...

...$###...# ..
#......# ##.#
#####..## #..# #
#...###.### .#
#.#.......##.##.
#.#####.#.......
#.#.....##.....
#......##..#.#.
#..?...O@.# #
#.......###
..........#
.........## .
..........## #.
............ ..
...........#
#.######...†..#
#....####....###


You could see a two-headed ogre.

Vanquished Creatures
  A two-headed ogre (D:9)
  A cyclops (D:9)
  Grinder (D:5)
  4 yaks
  A wyvern (D:11)
  A wraith (D:10)
  A steam dragon (D:7)
  Edmund (D:5)
  A water moccasin (D:8)
  10 orc warriors
  3 ice beasts
  Purgy (Sewer)
  2 black bears
  A necrophage (D:8)
  4 ogres
  7 centaurs
  A phantom (D:6)
  A kobold brigand (D:8)
  5 scorpions
  A water moccasin zombie (D:3)
  A water moccasin skeleton (D:4)
  7 killer bees
  2 wights (D:8)
  4 howler monkeys
  An electric eel (D:6)
  A bullfrog zombie (D:6)
  10 orc priests
  A jelly (D:5)
  A gnoll shaman (D:8)
  3 hounds
  7 iguanas
  9 orc wizards
  2 howler monkey zombies
  9 adders
  7 gnolls
  4 river rats (D:6)
  A white imp (D:7)
  3 ufetubi
  3 worms
  An adder skeleton (D:4)
  A dart slug (D:3)
  49 orcs
  8 endoplasms
  6 giant cockroaches
  5 goblins
  4 hobgoblins
  7 jackals (D:4)
  5 kobolds
  5 quokkas
  6 ball pythons
  9 bats
  13 frilled lizards
  4 rats
247 creatures vanquished.

Vanquished Creatures (others)
  A wight (D:8)
  6 fungi (D:9)
  17 plants
24 creatures vanquished.

Grand Total: 271 creatures vanquished

Notes
Turn   | Place    | Note
-------+----------+-------------------------------------------
     0 | D:1      | Hot the Octopode Venom Mage began the quest for the Orb.
     0 | D:1      | Reached XP level 1. HP: 11/11 MP: 3/3
   512 | D:1      | Reached XP level 2. HP: 14/17 MP: 1/5
   570 | D:1      | Found a faded altar of an unknown god.
   614 | D:1      | Reached skill level 4 in Poison Magic
  1375 | D:1      | Reached XP level 3. HP: 21/21 MP: 3/6
  1592 | D:2      | Reached skill level 1 in Unarmed Combat
  1846 | D:2      | Found a basalt altar of Yredelemnul.
  2014 | D:2      | Reached XP level 4. HP: 10/27 MP: 3/7
  2264 | D:2      | HP: 1/27 [poisoned by an adder]
  3011 | D:3      | HP: 1/27 [water moccasin zombie (2)]
  3362 | D:3      | Reached XP level 5. HP: 20/32 MP: 7/9
  3578 | D:3      | Learned a level 4 spell: Olgreb's Toxic Radiance
  3707 | D:3      | Learned a level 3 spell: Ignite Poison
  4200 | D:4      | Reached XP level 6. HP: 34/37 MP: 5/10
  4207 | D:4      | Reached skill level 1 in Polearms
  4231 | D:4      | Reached skill level 1 in Fighting
  4233 | D:4      | Identified the Handbook of Damaging Creation
  4237 | D:4      | Learned a level 1 spell: Shock
  4430 | D:4      | Found a hide-covered altar of Uskayaw.
  4855 | D:4      | Reached skill level 5 in Poison Magic
  4856 | D:4      | Reached XP level 7. HP: 28/43 MP: 4/12
  4970 | D:4      | Found a staircase to the Ecumenical Temple.
  5564 | Temple   | Entered the Ecumenical Temple
  5843 | Temple   | Became a worshipper of Dithmenos the Shadowed
  5868 | D:5      | Entered Level 5 of the Dungeon
  5870 | D:5      | Found Caodadyi's General Store.
  5875 | D:5      | Bought a scroll of enchant weapon for 105 gold pieces
  5993 | D:5      | Found a broken altar of Ashenzari.
  6345 | D:5      | Found a sacrificial altar of Ru.
  6620 | D:5      | Found a stormy altar of Qazlal.
  6622 | D:5      | Noticed an air elemental
  6622 | D:5      | Noticed a fire elemental
  6623 | D:5      | Noticed a water elemental
  6639 | D:5      | Noticed Edmund
  6644 | D:5      | Killed Edmund
  6740 | D:5      | Noticed Grinder
  6750 | D:5      | Killed Grinder
  6751 | D:5      | Reached XP level 8. HP: 14/48 MP: 5/14
  7131 | D:5      | Reached skill level 1 in Air Magic
  7515 | D:6      | Found Usue's Weapon Emporium.
  7569 | D:6      | Found Henoohis's Magic Scroll Shop.
  7639 | D:6      | Reached skill level 5 in Stealth
  7639 | D:6      | Reached skill level 5 in Spellcasting
  7639 | D:6      | Reached skill level 1 in Conjurations
  7869 | D:6      | Found Sietwuuzaf's Jewellery Boutique.
  7875 | D:6      | Reached skill level 6 in Poison Magic
  7883 | D:6      | Reached skill level 1 in Fire Magic
  8103 | D:6      | Reached * piety under Dithmenos
  8246 | D:6      | Found a glowing drain.
  8255 | Sewer    | Entered a sewer
  8353 | Sewer    | Noticed Purgy
  8360 | Sewer    | Killed Purgy
  8361 | Sewer    | Reached XP level 9. HP: 54/54 MP: 2/17
  8640 | D:6      | Learned a level 5 spell: Fireball
  8644 | D:6      | Learned a level 3 spell: Inner Flame
  8647 | D:6      | Found Eboireno's Weapon Shop.
  8966 | D:6      | Found Nouqomui's Magic Scroll Boutique.
  8970 | D:6      | Bought a scroll of identify for 20 gold pieces
  8970 | D:6      | Bought a scroll of identify for 20 gold pieces
  9099 | D:6      | Reached skill level 7 in Poison Magic
  9408 | D:6      | Bought a scroll of identify for 30 gold pieces
  9408 | D:6      | Bought a scroll of identify for 30 gold pieces
  9408 | D:6      | Bought 2 scrolls of identify for 60 gold pieces
 10687 | D:8      | Reached skill level 8 in Poison Magic
 11102 | D:8      | Reached skill level 1 in Bows
 11260 | D:8      | Reached XP level 10. HP: 46/60 MP: 12/20
 11303 | D:8      | Reached skill level 1 in Hexes
 11309 | D:8      | Reached ** piety under Dithmenos
 12010 | D:9      | Noticed a two-headed ogre
 12019 | D:9      | Killed a two-headed ogre
 12020 | D:9      | Reached skill level 9 in Poison Magic
 12284 | D:9      | Found a staircase to the Lair.
 12292 | D:9      | Reached skill level 5 in Transmutations
 12790 | D:9      | Noticed a cyclops
 12795 | D:9      | Killed a cyclops
 13170 | D:9      | Found a staircase to the Orcish Mines.
 13511 | D:9      | Reached *** piety under Dithmenos
 13512 | D:9      | Reached XP level 11. HP: 61/64 MP: 16/23
 14029 | D:10     | Entered Level 10 of the Dungeon
 14202 | D:10     | Found a bloodstained altar of Trog.
 14208 | D:10     | Found a sparkling altar of Nemelex Xobeh.
 14213 | D:10     | Found an iron altar of Okawaru.
 14326 | D:10     | Learned a level 6 spell: Freezing Cloud
 14402 | D:10     | Reached skill level 10 in Poison Magic
 15002 | D:10     | You fall into a shaft and drop 1 floor!
 15020 | D:11     | Noticed a two-headed ogre
 15027 | D:11     | Slain by a two-headed ogre

Illustrated notes

Levels and vault maps discovered:
D:1:      dpeg_arrival_boxorama, layout_basic, basic_ecumenical_altar,
          minivault_24, minmay_misc_feat_hallway
D:2:      layout_basic, basic_altar
D:3:      layout_basic, chequers_arboretum, minmay_misc_feat_four_crosses
D:4:      layout_basic, amcnicky_altar_gilded, minmay_temple_entry_trees,
          serial_corexii_hall, corexii_hall_statues_s, corexii_hall_statues_t,
          corexii_hall_statues_i, minmay_checkerbox
D:5:      layout_cave_pods, nicolae_overflow_hidden_temple,
          nicolae_qazlal_style_of_elements, nicolae_ashenzari_panopticon,
          serial_shops, shop, minivault_11, abandoned_shop, minmay_lizard_king,
          uniq_edmund, uniq_grinder
D:6:      layout_loops_corners, portal_sewer_entry_e, serial_shops,
          kennysheep_mini_moat, shop, shop, nicolae_shop_waterfront, shop,
          lightli_minifort
D:7:      layout_loops_ring
D:8:      layout_rooms, serial_park_tiny_1, minmay_starry_boxes
D:9:      layout_roguey, grunt_lair_entry_orc_guard_hut, david_orc_5
D:10:     layout_layer_cave, general_overflow_altar,
          minmay_overflow_temple_star_quad, grunt_decor_fettered,
          nicolae_two_hexagons, serial_park_tiny_1
D:11:     layout_rooms
Temple:   eino_narrow_crystal_temple

Skill      XL: |  1  2  3  4  5  6  7  8  9 10 11 |
---------------+----------------------------------+-----
Poison Magic   | 4 5 6 8 9 10 | 10.1
Stealth        | 3 4 5 6 |  6.3
Unarmed Combat | 1 |  1.6
Transmutations | 2 3 4 5 |  5.5
Spellcasting   | 3 4 5 7 8 |  8.3
Polearms       | 2 3 4 |  4.7
Fighting       | 1 2 |  2.3
Dodging        | 3 4 |  4.6
Air Magic      | 1 |  1.9
Conjurations   | 1 2 |  2.0
Fire Magic     | 1 2 3 4 |  4.1
Bows           | 1 2 |  2.0
Hexes          | 2 |  2.0
Axes           | |  0.8
Evocations     | |  0.5

Action                   |  1- 3 |  4- 6 |  7- 9 | 10-12 || total
-------------------------+-------+-------+-------+-------++-------
Melee: Unarmed           |    66 |    12 |       |       ||    78
       Constrict         |    15 |    17 |    12 |    13 ||    57
       Tentacles         |    10 |    11 |    11 |    11 ||    43
       Hand axe          |       |    12 |       |       ||    12
       Spear             |       |    47 |    73 |    59 ||   179
       Punch             |       |       |     2 |       ||     2
 Fire: Shortbow          |       |       |     4 |     4 ||     8
Throw: Throwing net      |       |       |     2 |       ||     2
 Cast: Sting             |    26 |    17 |    31 |     8 ||    82
       Olgreb's Toxic Ra |       |     6 |    21 |    20 ||    47
       Shock             |       |     9 |    26 |     8 ||    43
       Ignite Poison     |       |       |    28 |    21 ||    49
       Inner Flame       |       |       |     7 |     2 ||     9
       Fireball          |       |       |       |     2 ||     2
Evoke: Wand              |       |       |     3 |     2 ||     5
  Use: Potion            |       |     2 |     2 |     3 ||     7
       Scroll            |       |     8 |     9 |     5 ||    22
 Stab: Sleeping          |       |     4 |     6 |     1 ||    11
       Distracted        |       |       |     1 |       ||     1
Armor: Skin              |     7 |     8 |     5 |     2 ||    22
Dodge: Dodged            |    39 |   115 |    93 |    48 ||   295

Table legend: (Time is in decaauts)
 A = Elapsed time spent in this place.
 B = Non-inter-level travel time spent in this place.
 C = Inter-level travel time spent in this place.
 D = Time resting spent in this place.
 E = Time spent auto-exploring this place.
 F = Levels seen in this place.
 G = Mean time per level.
                   A        B        C        D        E       F      G
               +--------+--------+--------+--------+--------+-----+--------+
         Total |  15014 |  14642 |    372 |      0 |  12380 |  13 | 1154.9 |
       Dungeon |  14482 |  14143 |    339 |      0 |  12021 |  11 | 1316.5 |
        Temple |    285 |    253 |     32 |      0 |    146 |   1 |  285.0 |
         Sewer |    246 |    246 |      0 |      0 |    213 |   1 |  246.0 |
               +--------+--------+--------+--------+--------+-----+--------+

Top non-repeatable levels by time:
     D:1: 1836 daAuts
     D:9: 1835 daAuts
     D:6: 1680 daAuts
     D:8: 1649 daAuts
     D:5: 1646 daAuts
     D:4: 1417 daAuts
     D:2: 1294 daAuts
     D:7: 1095 daAuts
     D:3: 1036 daAuts
    D:10: 965 daAuts
  Temple: 285 daAuts
   Sewer: 246 daAuts
    D:11: 24 daAuts
